[Event "EYTCC Girls U18 2022"]
[Site "Thessaloniki"]
[Date "2022.07.12"]
[Round "1.1"]
[White "Ciolacu, Alessia-Mihaela"]
[Black "Buchholz, Maja"]
[Result "1-0"]
[ECO "D12"]
[WhiteElo "2163"]
[BlackElo "1879"]
[Annotator "ChessBase"]
[PlyCount "59"]
[EventDate "2022.07.12"]
[EventType "team-tourn"]
[EventCountry "GRE"]
[SourceTitle "playchess.com"]
[Source "ChessBase"]
[SourceQuality "1"]
[WhiteTeam "Romania"]
[BlackTeam "Germany"]
[WhiteTeamCountry "ROU"]
[BlackTeamCountry "GER"]
[TimeControl "40/5400+30:1800+30"]

1. d4 d5 2. Nf3 Nf6 3. c4 c6 4. e3 Bf5 5. Nc3 e6 6. Nh4 Be4 7. f3 Bg6 8. Qb3 Qc7 9. Bd2 Nbd7 10. cxd5 exd5 11. O-O-O Be7 12. Nxg6 hxg6 13. e4 dxe4 14. fxe4 b5 15. Bd3 Nb6 16. Kb1 O-O 17. e5 Nfd5 18. Nxd5 Nxd5 19. Be4 Rad8 20. h4 a5 21. h5 g5 22. Bc2 f5 23. exf6 gxf6 24. Qd3 Bb4 25. Bc1 a4 26. a3 Bd6 27. Rde1 Rde8 28. Qg6+ Qg7 29. Rxe8 Qxg6 30. Rxf8+ 1-0

[Event "EYTCC Girls U18 2022"]
[Site "Thessaloniki"]
[Date "2022.07.12"]
[Round "1.2"]
[White "Werner, Rosalie"]
[Black "Obada, Ema"]
[Result "0-1"]
[ECO "C07"]
[WhiteElo "1783"]
[BlackElo "2042"]
[Annotator "ChessBase"]
[PlyCount "90"]
[EventDate "2022.07.12"]
[EventType "team-tourn"]
[EventCountry "GRE"]
[SourceTitle "playchess.com"]
[Source "ChessBase"]
[SourceQuality "1"]
[WhiteTeam "Germany"]
[BlackTeam "Romania"]
[WhiteTeamCountry "GER"]
[BlackTeamCountry "ROU"]
[TimeControl "40/5400+30:1800+30"]

1. e4 e6 2. d4 d5 3. Nd2 c5 4. exd5 Qxd5 5. Ngf3 cxd4 6. Bc4 Qd6 7. O-O Nf6 8. Nb3 Nc6 9. Nbxd4 Nxd4 10. Nxd4 Be7 11. Be3 O-O 12. Qe2 a6 13. a4 Qc7 14. Nb3 Bd7 15. a5 Rac8 16. Nd2 Bd6 17. h3 Bh2+ 18. Kh1 Bf4 19. Bb6 Qc6 20. b3 e5 21. Nf3 Rfe8 22. Rfe1 Bf5 23. Kg1 Ne4 24. Be3 Nd6 25. Ra4 Be4 26. Rb4 Qd7 27. Rd1 Qe7 28. c3 Nxc4 29. Rxc4 Rxc4 30. Qxc4 Bxf3 31. gxf3 Qg5+ 32. Kf1 Bxe3 33. fxe3 Qxe3 34. Qd3 Qf4 35. Kg2 h6 36. Qe4 Qg5+ 37. Kf2 Qe7 38. Qd5 Qh4+ 39. Kg2 Qg5+ 40. Kf2 Qf4 41. Qd7 Re6 42. Qxb7 e4 43. Qc8+ Kh7 44. Qc4 Qxf3+ 45. Ke1 e3 0-1

[Event "EYTCC Girls U18 2022"]
[Site "Thessaloniki"]
[Date "2022.07.12"]
[Round "1.3"]
[White "Kara, Gulce Nehir"]
[Black "Juhasz, Judit"]
[Result "1/2-1/2"]
[ECO "E60"]
[WhiteElo "1907"]
[BlackElo "2037"]
[Annotator "ChessBase"]
[PlyCount "68"]
[EventDate "2022.07.12"]
[EventType "team-tourn"]
[EventCountry "GRE"]
[SourceTitle "playchess.com"]
[Source "ChessBase"]
[SourceQuality "1"]
[WhiteTeam "Turkey"]
[BlackTeam "Hungary"]
[WhiteTeamCountry "TUR"]
[BlackTeamCountry "HUN"]
[TimeControl "40/5400+30:1800+30"]

1. d4 Nf6 2. c4 g6 3. h4 h5 4. Nc3 Bg7 5. e4 d6 6. Be2 Nbd7 7. Nf3 c5 8. d5 Ng4 9. Qc2 a6 10. a4 Nde5 11. Ng5 Nh6 12. f3 e6 13. Be3 exd5 14. Nxd5 Be6 15. Nf4 Qe7 16. Rd1 Rd8 17. Bd2 O-O 18. Bc3 Bc8 19. Nd5 Qd7 20. f4 Neg4 21. e5 Rde8 22. Ne4 Qf5 23. Bd3 Qd7 24. Be2 Qf5 25. O-O dxe5 26. fxe5 Qe6 27. Nxc5 Qc6 28. Ne4 Bf5 29. Bd3 Bxe5 30. Bb4 Bd4+ 31. Kh1 Ne3 32. Nxe3 Bxe4 33. Bxf8 Bxe3 34. Bxh6 Bxh6 1/2-1/2

[Event "EYTCC Girls U18 2022"]
[Site "Thessaloniki"]
[Date "2022.07.12"]
[Round "1.4"]
[White "Sulyok, Eszter"]
[Black "Kayis, Gulcan Sena"]
[Result "1-0"]
[ECO "A28"]
[WhiteElo "2091"]
[BlackElo "1682"]
[Annotator "ChessBase"]
[PlyCount "51"]
[EventDate "2022.07.12"]
[EventType "team-tourn"]
[EventCountry "GRE"]
[SourceTitle "playchess.com"]
[Source "ChessBase"]
[SourceQuality "1"]
[WhiteTeam "Hungary"]
[BlackTeam "Turkey"]
[WhiteTeamCountry "HUN"]
[BlackTeamCountry "TUR"]
[TimeControl "40/5400+30:1800+30"]

1. c4 e5 2. e3 Nc6 3. a3 Nf6 4. Qc2 d6 5. Nc3 g6 6. Nf3 Bg7 7. Be2 O-O 8. O-O Nd7 9. b4 f5 10. b5 Ne7 11. d4 e4 12. Nd2 g5 13. f3 exf3 14. Nxf3 Ng6 15. Bd3 Nb8 16. Bb2 Bd7 17. Rae1 h6 18. Nd2 Ne7 19. Nd5 Nxd5 20. cxd5 Qc8 21. e4 fxe4 22. Nxe4 Qd8 23. Ng3 c6 24. dxc6 bxc6 25. Nh5 Rxf1+ 26. Rxf1 1-0

[Event "EYTCC Girls U18 2022"]
[Site "Thessaloniki"]
[Date "2022.07.12"]
[Round "1.5"]
[White "Ziegenfuss, Antonia"]
[Black "Sheikh, Anum"]
[Result "1-0"]
[ECO "D17"]
[WhiteElo "2170"]
[BlackElo "1799"]
[Annotator "ChessBase"]
[PlyCount "71"]
[EventDate "2022.07.12"]
[EventType "team-tourn"]
[EventCountry "GRE"]
[SourceTitle "playchess.com"]
[Source "ChessBase"]
[SourceQuality "1"]
[WhiteTeam "Germany"]
[BlackTeam "England"]
[WhiteTeamCountry "GER"]
[BlackTeamCountry "ENG"]
[TimeControl "40/5400+30:1800+30"]

1. d4 d5 2. c4 c6 3. Nc3 Nf6 4. Nf3 dxc4 5. a4 Bf5 6. Ne5 e6 7. f3 h6 8. e4 Bh7 9. Bxc4 Nbd7 10. Nxd7 Qxd7 11. Be3 Be7 12. O-O O-O 13. Qb3 Ne8 14. Rfd1 Nd6 15. Bf1 Kh8 16. Rac1 f5 17. d5 e5 18. dxc6 bxc6 19. Bc5 Qc7 20. Qe6 Nc8 21. Bxe7 Nxe7 22. a5 Rf6 23. Qd7 Rc8 24. Qxc7 Rxc7 25. Rd8+ Bg8 26. Bc4 Rc8 27. Rcd1 Rxd8 28. Rxd8 Kh7 29. Bxg8+ Nxg8 30. Rd7 a6 31. Kf2 Kg6 32. Ra7 c5 33. Rc7 Rd6 34. exf5+ Kxf5 35. Ne4 Rd3 36. Rxg7 1-0

[Event "EYTCC Girls U18 2022"]
[Site "Thessaloniki"]
[Date "2022.07.12"]
[Round "1.6"]
[White "Pert, Nina"]
[Black "Bashylina, Luisa"]
[Result "0-1"]
[ECO "B90"]
[WhiteElo "1703"]
[BlackElo "2041"]
[Annotator "ChessBase"]
[PlyCount "59"]
[EventDate "2022.07.12"]
[EventType "team-tourn"]
[EventCountry "GRE"]
[SourceTitle "playchess.com"]
[Source "ChessBase"]
[SourceQuality "1"]
[WhiteTeam "England"]
[BlackTeam "Germany"]
[WhiteTeamCountry "ENG"]
[BlackTeamCountry "GER"]
[TimeControl "40/5400+30:1800+30"]

1. e4 c5 2. Nf3 d6 3. d4 cxd4 4. Nxd4 Nf6 5. Nc3 a6 6. Bd3 e5 7. Nde2 Be7 8. O-O b5 9. Ng3 O-O 10. Bg5 Be6 11. Nd5 Nxd5 12. exd5 Bxg5 13. dxe6 fxe6 14. Qg4 Ra7 15. Qxe6+ Raf7 16. Ne4 Be7 17. Rad1 Kh8 18. c4 b4 19. c5 d5 20. Bc4 d4 21. Qxe5 Nc6 22. Qd5 Qe8 23. Bxa6 Rf5 24. Qc4 Qg6 25. Rc1 Ne5 26. Qe2 Nf3+ 27. Kh1 Rh5 28. h3 Qg4 29. Bc8 Qxc8 30. Qd1 0-1

[Event "EYTCC Girls U18 2022"]
[Site "Thessaloniki"]
[Date "2022.07.12"]
[Round "1.7"]
[White "Bondar, Daria"]
[Black "Wikar, Martyna"]
[Result "0-1"]
[ECO "B32"]
[WhiteElo "1566"]
[BlackElo "2208"]
[Annotator "ChessBase"]
[PlyCount "44"]
[EventDate "2022.07.12"]
[EventType "team-tourn"]
[EventCountry "GRE"]
[SourceTitle "playchess.com"]
[Source "ChessBase"]
[SourceQuality "1"]
[WhiteTeam "Ukraine"]
[BlackTeam "Poland"]
[WhiteTeamCountry "UKR"]
[BlackTeamCountry "POL"]
[TimeControl "40/5400+30:1800+30"]

1. e4 c5 2. Nf3 Nc6 3. d4 cxd4 4. Nxd4 e5 5. Nb5 d6 6. c4 Be6 7. Bd3 g6 8. O-O a6 9. N5c3 Bg7 10. Nd5 Nge7 11. Be3 Bxd5 12. cxd5 Nd4 13. Bxd4 exd4 14. Nd2 O-O 15. Qb3 Rb8 16. a4 g5 17. a5 Ng6 18. Ra4 g4 19. Nc4 Nf4 20. Rb4 Qh4 21. Nxd6 Be5 22. g3 Qh3 0-1

[Event "EYTCC Girls U18 2022"]
[Site "Thessaloniki"]
[Date "2022.07.12"]
[Round "1.8"]
[White "Marcinczyk, Monika"]
[Black "Russeva, Viktoria"]
[Result "1-0"]
[ECO "B90"]
[WhiteElo "1991"]
[BlackElo "1866"]
[Annotator "ChessBase"]
[PlyCount "121"]
[EventDate "2022.07.12"]
[EventType "team-tourn"]
[EventCountry "GRE"]
[SourceTitle "playchess.com"]
[Source "ChessBase"]
[SourceQuality "1"]
[WhiteTeam "Poland"]
[BlackTeam "Ukraine"]
[WhiteTeamCountry "POL"]
[BlackTeamCountry "UKR"]
[TimeControl "40/5400+30:1800+30"]

1. e4 c5 2. Nf3 d6 3. d4 cxd4 4. Nxd4 Nf6 5. Nc3 a6 6. Be3 e5 7. Nf3 Be7 8. h3 h5 9. Bc4 Nbd7 10. Ng5 O-O 11. a4 Nc5 12. O-O Ne6 13. Nxe6 Bxe6 14. Bxe6 fxe6 15. a5 d5 16. exd5 exd5 17. Bg5 d4 18. Bxf6 Rxf6 19. Ne4 Rf4 20. Qd3 Qd5 21. Ng3 Qf7 22. Ne2 Rf5 23. Qe4 Rf8 24. f3 Bg5 25. Kh1 Re8 26. Ra3 Rf6 27. Rb3 Re7 28. Rd3 Rc6 29. c3 Be3 30. Ng3 g6 31. Rfd1 Rf6 32. Rxe3 dxe3 33. Qxe3 Rc6 34. Qg5 Qf6 35. Qd2 Rc8 36. Ne4 Qf8 37. Qg5 Rc6 38. Rd5 Kg7 39. Rxe5 Rxe5 40. Qxe5+ Kg8 41. b4 Qd8 42. c4 Qc7 43. Qd5+ Qf7 44. Qd8+ Kg7 45. Qd4+ Kg8 46. Nc5 Qe7 47. Qd5+ Kg7 48. Kh2 Qc7+ 49. Kg1 Qe7 50. Kf1 Kh6 51. Qe4 Qxe4 52. fxe4 Kg5 53. Kf2 Kf4 54. g3+ Ke5 55. Ke3 b6 56. axb6 Kd6 57. e5+ Ke7 58. b7 Rb6 59. Nxa6 Rxb7 60. b5 Rb6 61. Ke4 1-0

[Event "EYTCC Girls U18 2022"]
[Site "Thessaloniki"]
[Date "2022.07.12"]
[Round "1.9"]
[White "Ruzic, Pia Marie"]
[Black "Alexandri, Dimitra"]
[Result "1-0"]
[ECO "E92"]
[WhiteElo "2025"]
[BlackElo "1683"]
[Annotator "ChessBase"]
[PlyCount "125"]
[EventDate "2022.07.12"]
[EventType "team-tourn"]
[EventCountry "GRE"]
[SourceTitle "playchess.com"]
[Source "ChessBase"]
[SourceQuality "1"]
[WhiteTeam "Slovenia"]
[BlackTeam "Greece"]
[WhiteTeamCountry "SLO"]
[BlackTeamCountry "GRE"]
[TimeControl "40/5400+30:1800+30"]

1. Nf3 g6 2. c4 Bg7 3. Nc3 d6 4. d4 Nf6 5. e4 O-O 6. Be2 e5 7. Be3 Nc6 8. d5 Ne7 9. Nd2 Nd7 10. O-O f5 11. f3 f4 12. Bf2 g5 13. b4 h5 14. c5 Nf6 15. Nc4 a6 16. cxd6 cxd6 17. Nb6 Rb8 18. a4 Ng6 19. a5 g4 20. Nxc8 Qxc8 21. Rc1 Qd7 22. Na4 gxf3 23. Bxf3 h4 24. Nb6 Qb5 25. Qb3 Rf7 26. Rc2 Bf8 27. Rfc1 Qe8 28. h3 Rg7 29. Qa4 Qf7 30. Rc3 Nh7 31. Bg4 Ng5 32. Nd7 Rd8 33. Nxf8 Rxf8 34. Bb6 Qf6 35. Qc2 Rgf7 36. Qe2 Kg7 37. Bf2 Rh8 38. Rc7 Rhf8 39. R7c3 Rh8 40. R1c2 Qe7 41. Rb2 Rhf8 42. Bf3 Nxf3+ 43. Qxf3 Qd7 44. Rbc2 Qb5 45. Rc4 Qd7 46. R2c3 Rh8 47. Kh2 Rhf8 48. Bb6 Qb5 49. Rc2 Qa4 50. Qg4 Qd7 51. Rc7 Qb5 52. R2c4 Qe8 53. Rc8 Qb5 54. Rxf8 Rxf8 55. Rc7+ Kh6 56. Bf2 Rg8 57. Bxh4 Rg7 58. Bg5+ Kh7 59. Qh5+ Kg8 60. Rxg7+ Kxg7 61. Qh6+ Kf7 62. Qh7+ Kf8 63. Qxg6 1-0

[Event "EYTCC Girls U18 2022"]
[Site "Thessaloniki"]
[Date "2022.07.12"]
[Round "1.10"]
[White "Alexandri, Vasiliki"]
[Black "Mihelic, Vesna"]
[Result "0-1"]
[ECO "D37"]
[WhiteElo "1527"]
[BlackElo "2029"]
[Annotator "ChessBase"]
[PlyCount "70"]
[EventDate "2022.07.12"]
[EventType "team-tourn"]
[EventCountry "GRE"]
[SourceTitle "playchess.com"]
[Source "ChessBase"]
[SourceQuality "1"]
[WhiteTeam "Greece"]
[BlackTeam "Slovenia"]
[WhiteTeamCountry "GRE"]
[BlackTeamCountry "SLO"]
[TimeControl "40/5400+30:1800+30"]

1. d4 d5 2. c4 e6 3. Nc3 Nf6 4. Nf3 Be7 5. Bf4 O-O 6. e3 b6 7. Rc1 c5 8. dxc5 bxc5 9. Be2 Bb7 10. O-O Nbd7 11. cxd5 Nxd5 12. Nxd5 Bxd5 13. Nd2 Nb6 14. Bf3 Rc8 15. Bxd5 exd5 16. Nb3 Nc4 17. Qe2 Bf6 18. Rc2 Qb6 19. Rb1 a5 20. Nd2 Ne5 21. Nf3 Nc4 22. Nd2 Nxd2 23. Rxd2 d4 24. Qc4 Rfd8 25. Rd3 Qe6 26. Qxe6 fxe6 27. exd4 cxd4 28. f3 Rc2 29. Rd2 d3 30. a3 g5 31. Be3 Bd4 32. Bxd4 Rxd2 33. Bc3 Rc2 34. Rd1 a4 35. Kf1 Kf7 0-1

[Event "EYTCC Girls U18 2022"]
[Site "Thessaloniki"]
[Date "2022.07.12"]
[Round "1.12"]
[White "Kochavi, Dana"]
[Black "Guid, Taja"]
[Result "1/2-1/2"]
[ECO "C10"]
[WhiteElo "1885"]
[BlackElo "1479"]
[Annotator "NA"]
[PlyCount "62"]
[EventDate "2022.07.12"]
[EventType "team-tourn"]
[EventCountry "GRE"]
[SourceTitle "playchess.com"]
[Source "ChessBase"]
[SourceQuality "1"]
[WhiteTeam "Israel"]
[BlackTeam "Slovenia"]
[WhiteTeamCountry "ISR"]
[BlackTeamCountry "SLO"]
[TimeControl "40/5400+30:1800+30"]

1. e4 e6 2. d4 d5 3. Nd2 dxe4 4. Nxe4 Nd7 5. Nf3 Ngf6 6. Nxf6+ Nxf6 7. c3 c5 8. Ne5 a6 9. Be3 Qc7 10. Be2 Be7 11. Qa4+ Bd7 12. Nxd7 Qxd7 13. Qxd7+ Nxd7 14. Bf3 O-O-O 15. Rc1 Kb8 16. O-O cxd4 17. cxd4 Nf6 18. Rc2 Rd7 19. Rfc1 Rhd8 20. a3 Bd6 21. b4 Rc7 22. Rxc7 Bxc7 23. a4 Nd5 24. Bxd5 Rxd5 25. f4 Kc8 26. Kf2 Kd7 27. h3 Bb6 28. Rd1 Ba7 29. Kf3 Bb6 30. Ke4 g6 31. Rd2 Kd6 1/2-1/2

[Event "EYTCC Girls U18 2022"]
[Site "Thessaloniki"]
[Date "2022.07.13"]
[Round "2.1"]
[White "Wikar, Martyna"]
[Black "Lehaci, Miruna-Daria"]
[Result "1/2-1/2"]
[ECO "B50"]
[WhiteElo "2208"]
[BlackElo "2193"]
[Annotator "ChessBase"]
[PlyCount "109"]
[EventDate "2022.07.12"]
[EventType "team-tourn"]
[EventCountry "GRE"]
[SourceTitle "playchess.com"]
[Source "ChessBase"]
[SourceQuality "1"]
[WhiteTeam "Poland"]
[BlackTeam "Romania"]
[WhiteTeamCountry "POL"]
[BlackTeamCountry "ROU"]
[TimeControl "40/5400+30:1800+30"]

1. e4 c5 2. Nf3 d6 3. Bc4 Nf6 4. d3 Nc6 5. Bb3 Bg4 6. c3 e6 7. h3 Bh5 8. Bf4 Be7 9. Nbd2 Rc8 10. Qe2 a6 11. g4 Bg6 12. Nh4 Nd7 13. Nxg6 hxg6 14. Bg3 b5 15. Kf1 g5 16. Nf3 Nf8 17. Rd1 Ng6 18. d4 cxd4 19. Nxd4 Nxd4 20. Rxd4 Qb6 21. a4 O-O 22. axb5 axb5 23. Rb4 Rc5 24. Bc2 Rb8 25. Kg2 Bf6 26. Rd1 Be5 27. Bxe5 dxe5 28. Qd2 Nf4+ 29. Kg3 Rc4 30. Rb3 g6 31. Qd6 Ne2+ 32. Kg2 Nf4+ 33. Kf3 Qxd6 34. Rxd6 Kg7 35. Bd3 Nxd3 36. Rxd3 f5 37. Rd7+ Kf6 38. exf5 gxf5 39. gxf5 e4+ 40. Ke2 exf5 41. Ra3 b4 42. Ra6+ Ke5 43. Ra5+ Ke6 44. Rh7 bxc3 45. bxc3 Rxc3 46. Rh6+ Kf7 47. Ra7+ Kg8 48. Rg6+ Kh8 49. Rxg5 Rb2+ 50. Kf1 Rf3 51. Rag7 Rbxf2+ 52. Ke1 Rf1+ 53. Ke2 R1f2+ 54. Ke1 Rf1+ 55. Ke2 1/2-1/2

[Event "EYTCC Girls U18 2022"]
[Site "Thessaloniki"]
[Date "2022.07.13"]
[Round "2.2"]
[White "Demeter, Dorina"]
[Black "Ruzic, Pia Marie"]
[Result "*"]
[ECO "E10"]
[WhiteElo "2176"]
[BlackElo "2025"]
[Annotator "ChessBase"]
[PlyCount "20"]
[EventDate "2022.07.12"]
[EventType "team-tourn"]
[EventCountry "GRE"]
[SourceTitle "playchess.com"]
[Source "ChessBase"]
[SourceQuality "1"]
[WhiteTeam "Hungary"]
[BlackTeam "Slovenia"]
[WhiteTeamCountry "HUN"]
[BlackTeamCountry "SLO"]
[TimeControl "40/5400+30:1800+30"]

1. d4 Nf6 2. c4 e6 3. Nf3 c5 4. d5 b5 5. Bg5 exd5 6. cxd5 h6 7. Bxf6 Qxf6 8. Qc2 c4 9. e4 Bb4+ 10. Nbd2 O-O *

[Event "EYTCC Girls U18 2022"]
[Site "Thessaloniki"]
[Date "2022.07.13"]
[Round "2.2"]
[White "Ciolacu, Alessia-Mihaela"]
[Black "Marcinczyk, Monika"]
[Result "1-0"]
[ECO "E10"]
[WhiteElo "2163"]
[BlackElo "1991"]
[Annotator "ChessBase"]
[PlyCount "53"]
[EventDate "2022.07.12"]
[EventType "team-tourn"]
[EventCountry "GRE"]
[SourceTitle "playchess.com"]
[Source "ChessBase"]
[SourceQuality "1"]
[WhiteTeam "Romania"]
[BlackTeam "Poland"]
[WhiteTeamCountry "ROU"]
[BlackTeamCountry "POL"]
[TimeControl "40/5400+30:1800+30"]

1. d4 Nf6 2. c4 e6 3. Nf3 c5 4. d5 b5 5. Bg5 exd5 6. cxd5 h6 7. Bxf6 Qxf6 8. Qc2 c4 9. e4 Bb4+ 10. Nbd2 O-O 11. Be2 c3 12. bxc3 Bxc3 13. Rc1 b4 14. O-O Ba6 15. e5 Bxe5 16. Ne4 Qe7 17. Bxa6 Nxa6 18. Qc4 Bf4 19. Rce1 Nc7 20. Ng3 Qd6 21. Nf5 Qf6 22. Qxf4 Nxd5 23. Qe4 Nc3 24. Ne7+ Kh8 25. Qxb4 Rfe8 26. Re3 Nxa2 27. Qa3 1-0

[Event "EYTCC Girls U18 2022"]
[Site "Thessaloniki"]
[Date "2022.07.13"]
[Round "2.3"]
[White "Demeter, Dorina"]
[Black "Ruzic, Pia Marie"]
[Result "1/2-1/2"]
[ECO "A05"]
[WhiteElo "2176"]
[BlackElo "2025"]
[Annotator "ChessBase"]
[PlyCount "96"]
[EventDate "2022.07.12"]
[EventType "team-tourn"]
[EventCountry "GRE"]
[SourceTitle "playchess.com"]
[Source "ChessBase"]
[SourceQuality "1"]
[WhiteTeam "Hungary"]
[BlackTeam "Slovenia"]
[WhiteTeamCountry "HUN"]
[BlackTeamCountry "SLO"]
[TimeControl "40/5400+30:1800+30"]

1. Nf3 Nf6 2. c4 g6 3. Nc3 Bg7 4. e4 d6 5. d4 O-O 6. h3 e5 7. d5 Nh5 8. g3 Na6 9. Bd3 Nc5 10. Bc2 f5 11. exf5 gxf5 12. Ng5 Qe8 13. Nb5 Na6 14. Ne6 Bxe6 15. dxe6 e4 16. e7 Qxe7 17. Qxh5 Nb4 18. Qe2 d5 19. a3 Nxc2+ 20. Qxc2 c6 21. Nc3 d4 22. Nb1 Rae8 23. Bf4 Be5 24. Qc1 e3 25. Bxe5 Qxe5 26. O-O Kh8 27. Kg2 f4 28. fxe3 Qe4+ 29. Kg1 fxe3 30. Nd2 exd2 31. Qxd2 Rxf1+ 32. Rxf1 Qe3+ 33. Qf2 Kg7 34. c5 d3 35. Rd1 b6 36. Qxe3 Rxe3 37. Kf2 Re2+ 38. Kf3 Rxb2 39. cxb6 axb6 40. Rxd3 c5 41. Rc3 Kf6 42. Ke4 Ke6 43. h4 Rb1 44. Kd3 Kd5 45. Kc2 Rg1 46. Rd3+ Kc4 47. Rc3+ Kd4 48. Rd3+ Ke5 1/2-1/2

[Event "EYTCC Girls U18 2022"]
[Site "Thessaloniki"]
[Date "2022.07.13"]
[Round "2.4"]
[White "Mihelic, Vesna"]
[Black "Sulyok, Eszter"]
[Result "1-0"]
[ECO "B40"]
[WhiteElo "2029"]
[BlackElo "2091"]
[Annotator "ChessBase"]
[PlyCount "81"]
[EventDate "2022.07.12"]
[EventType "team-tourn"]
[EventCountry "GRE"]
[SourceTitle "playchess.com"]
[Source "ChessBase"]
[SourceQuality "1"]
[WhiteTeam "Slovenia"]
[BlackTeam "Hungary"]
[WhiteTeamCountry "SLO"]
[BlackTeamCountry "HUN"]
[TimeControl "40/5400+30:1800+30"]

1. e4 c5 2. Nf3 e6 3. c3 d5 4. exd5 Qxd5 5. d4 Nf6 6. Be2 cxd4 7. cxd4 Nc6 8. O-O Be7 9. Nc3 Qd6 10. Nb5 Qd8 11. Bf4 O-O 12. Bc7 Qe8 13. Ne5 Nxe5 14. dxe5 Nd5 15. Rc1 a6 16. Nd6 Qd7 17. Ne4 b6 18. Bf3 Ra7 19. Bd6 Bb7 20. Bxe7 Qxe7 21. Nd6 Rd8 22. Bxd5 exd5 23. Qd4 Qd7 24. Qxb6 Ba8 25. Nxf7 Rf8 26. e6 Qe7 27. Rfe1 Rb7 28. Qd6 Qe8 29. b3 Re7 30. Rc7 Rxc7 31. Qxc7 d4 32. Qd6 Qb5 33. e7 Re8 34. Ne5 Qd5 35. Qxd5+ Bxd5 36. Nc4 Bxc4 37. bxc4 Kf7 38. Kf1 d3 39. Re3 Rxe7 40. Rxe7+ Kxe7 41. Ke1 1-0

[Event "EYTCC Girls U18 2022"]
[Site "Thessaloniki"]
[Date "2022.07.13"]
[Round "2.4"]
[White "Buchholz, Maja"]
[Black "Rozmanec, Pia"]
[Result "*"]
[ECO "B40"]
[WhiteElo "1879"]
[BlackElo "1642"]
[Annotator "NA"]
[PlyCount "23"]
[EventDate "2022.07.12"]
[EventType "team-tourn"]
[EventCountry "GRE"]
[SourceTitle "playchess.com"]
[Source "ChessBase"]
[SourceQuality "1"]
[WhiteTeam "Germany"]
[BlackTeam "Slovenia"]
[WhiteTeamCountry "GER"]
[BlackTeamCountry "SLO"]
[TimeControl "40/5400+30:1800+30"]

1. e4 c5 2. Nf3 e6 3. c3 d5 4. exd5 Qxd5 5. d4 Nf6 6. Be2 cxd4 7. cxd4 Nc6 8. O-O Be7 9. Nc3 Qd6 10. Nb5 Qd8 11. Bf4 O-O 12. Bc7 *

[Event "EYTCC Girls U18 2022"]
[Site "Thessaloniki"]
[Date "2022.07.13"]
[Round "2.5"]
[White "Levitan, Ronit"]
[Black "Bondar, Daria"]
[Result "*"]
[ECO "D37"]
[WhiteElo "2084"]
[BlackElo "1566"]
[Annotator "ChessBase"]
[PlyCount "26"]
[EventDate "2022.07.12"]
[EventType "team-tourn"]
[EventCountry "GRE"]
[SourceTitle "playchess.com"]
[Source "ChessBase"]
[SourceQuality "1"]
[WhiteTeam "Israel"]
[BlackTeam "Ukraine"]
[WhiteTeamCountry "ISR"]
[BlackTeamCountry "UKR"]
[TimeControl "40/5400+30:1800+30"]

1. d4 d5 2. c4 e6 3. Nc3 Nf6 4. Nf3 Be7 5. Bg5 h6 6. Bh4 O-O 7. e3 b6 8. cxd5 Nxd5 9. Bxe7 Qxe7 10. Nxd5 exd5 11. Qb3 Be6 12. Be2 c5 13. O-O Nd7 *

[Event "EYTCC Girls U18 2022"]
[Site "Thessaloniki"]
[Date "2022.07.13"]
[Round "2.5"]
[White "Dereka, Konstantina"]
[Black "Ziegenfuss, Antonia"]
[Result "0-1"]
[ECO "D59"]
[WhiteElo "1451"]
[BlackElo "2170"]
[Annotator "ChessBase"]
[PlyCount "68"]
[EventDate "2022.07.12"]
[EventType "team-tourn"]
[EventCountry "GRE"]
[SourceTitle "playchess.com"]
[Source "ChessBase"]
[SourceQuality "1"]
[WhiteTeam "Greece"]
[BlackTeam "Germany"]
[WhiteTeamCountry "GRE"]
[BlackTeamCountry "GER"]
[TimeControl "40/5400+30:1800+30"]

1. d4 d5 2. c4 e6 3. Nc3 Nf6 4. Nf3 Be7 5. Bg5 h6 6. Bh4 O-O 7. e3 b6 8. cxd5 Nxd5 9. Bxe7 Qxe7 10. Nxd5 exd5 11. Qb3 Be6 12. Be2 c5 13. O-O Nd7 14. Rac1 Rfc8 15. Rfd1 a5 16. a4 g6 17. h3 c4 18. Qa2 Qb4 19. Rc3 b5 20. axb5 Nb6 21. Ra3 Bd7 22. Ne5 Bxb5 23. Qb1 c3 24. Bd3 Bxd3 25. Qxd3 c2 26. Rc1 Qxb2 27. Raa1 Rc3 28. Qd2 Nc4 29. Nxc4 Rxc4 30. Kh2 a4 31. f3 a3 32. e4 dxe4 33. fxe4 a2 34. d5 Rac8 0-1

[Event "EYTCC Girls U18 2022"]
[Site "Thessaloniki"]
[Date "2022.07.13"]
[Round "2.6"]
[White "Bashylina, Luisa"]
[Black "Kapia, Aggeliki"]
[Result "1-0"]
[ECO "D35"]
[WhiteElo "2041"]
[BlackElo "1230"]
[Annotator "ChessBase"]
[PlyCount "63"]
[EventDate "2022.07.12"]
[EventType "team-tourn"]
[EventCountry "GRE"]
[SourceTitle "playchess.com"]
[Source "ChessBase"]
[SourceQuality "1"]
[WhiteTeam "Germany"]
[BlackTeam "Greece"]
[WhiteTeamCountry "GER"]
[BlackTeamCountry "GRE"]
[TimeControl "40/5400+30:1800+30"]

1. d4 Nf6 2. c4 e6 3. Nc3 d5 4. cxd5 exd5 5. Bg5 c6 6. e3 Bd6 7. Bd3 Nbd7 8. Nge2 O-O 9. h3 b5 10. O-O Bb7 11. Qc2 h6 12. Bf4 Bxf4 13. Nxf4 Re8 14. Rad1 Rc8 15. Bf5 Ra8 16. Rfe1 Nb6 17. Nd3 Nc4 18. Nc5 Bc8 19. Bd3 Bd7 20. Bxc4 bxc4 21. e4 dxe4 22. N3xe4 Nxe4 23. Rxe4 Rxe4 24. Qxe4 Qe8 25. Qc2 Rb8 26. Qc3 Be6 27. Re1 Qc8 28. Nxe6 fxe6 29. Qxc4 Rxb2 30. Rxe6 Kh7 31. Qd3+ Kg8 32. Qg6 1-0

[Event "EYTCC Girls U18 2022"]
[Site "Thessaloniki"]
[Date "2022.07.13"]
[Round "2.6"]
[White "Sheikh, Anum"]
[Black "Kara, Gulce Nehir"]
[Result "*"]
[ECO "D35"]
[WhiteElo "1799"]
[BlackElo "1907"]
[Annotator "ChessBase"]
[PlyCount "23"]
[EventDate "2022.07.12"]
[EventType "team-tourn"]
[EventCountry "GRE"]
[SourceTitle "playchess.com"]
[Source "ChessBase"]
[SourceQuality "1"]
[WhiteTeam "England"]
[BlackTeam "Turkey"]
[WhiteTeamCountry "ENG"]
[BlackTeamCountry "TUR"]
[TimeControl "40/5400+30:1800+30"]

1. d4 Nf6 2. c4 e6 3. Nc3 d5 4. cxd5 exd5 5. Bg5 c6 6. e3 Bd6 7. Bd3 Nbd7 8. Nge2 O-O 9. h3 b5 10. O-O Bb7 11. Qc2 h6 12. Bf4 *

[Event "EYTCC Girls U18 2022"]
[Site "Thessaloniki"]
[Date "2022.07.13"]
[Round "2.7"]
[White "Ciolacu, Alessia-Mihaela"]
[Black "Marcinczyk, Monika"]
[Result "*"]
[ECO "A15"]
[WhiteElo "2163"]
[BlackElo "1991"]
[Annotator "ChessBase"]
[PlyCount "23"]
[EventDate "2022.07.12"]
[EventType "team-tourn"]
[EventCountry "GRE"]
[SourceTitle "playchess.com"]
[Source "ChessBase"]
[SourceQuality "1"]
[WhiteTeam "Romania"]
[BlackTeam "Poland"]
[WhiteTeamCountry "ROU"]
[BlackTeamCountry "POL"]
[TimeControl "40/5400+30:1800+30"]

1. c4 Nf6 2. g3 c5 3. Bg2 d5 4. cxd5 Nxd5 5. Nc3 Nc7 6. Nf3 Nc6 7. O-O e5 8. a3 Be6 9. b4 cxb4 10. axb4 a6 11. Ba3 f6 12. Qb1 *